Map: Backwater LE

Players

Rogue - Winner!

  • Race: Zerg Zerg
  • Spawn Location: 5:00

Classic

  • Race: Protoss Protoss
  • Spawn Location: 11:00

Event: IEM Season 12 - Katowice

VOD

Have the link to the VOD?

Description

Time

  • Played on: March 4, 2018, 7:33 a.m.
  • Length: 6:06

All games in this series

Show
View Real Time Build Order
Export as new Build Order

Rogue Zerg - Winner!

Build Orders: Hatch First, Roach Nydus 

Get SALT Encoding   

  12  0:00  Drone  
  13  0:12  Overlord  
  13  0:16  Drone  
  14  0:30  Drone x2  
  16  0:47  Hatchery  
  15  0:50  Drone  
  15  0:54  Drone  
  17  0:58  Drone  
  18  1:08  Extractor  
  17  1:13  Spawning Pool  
  17  1:16  Drone  
  17  1:20  Drone  
  18  1:28  Drone  
  19  1:39  Drone  
  20  1:49  Overlord  
  20  2:00  Queen x2  
  20  2:01  Zergling x4  
  26  2:11  Drone x2  
  28  2:24  Drone x2  
  30  2:32  Drone x2  
  30  2:36  Queen  
  34  2:38  Lair  
  34  2:53  Hatchery  
  34  2:57  Overlord  
  33  3:02  Drone x2  
  35  3:07  Drone  
  35  3:10  Overlord  
  36  3:17  Roach Warren, Extractor  
  36  3:19  Drone x4  
  39  3:24  Overlord  
  39  3:39  Nydus Network  
  39  3:40  Queen  
  40  3:48  Overseer  
  40  3:50  Queen  
  42  3:56  Overlord  
  42  3:57  Roach x2  
  42  3:59  Roach  
  42  4:01  Roach  
  50  4:06  Overlord  
  50  4:13  Zergling x4  
  52  4:23  Roach  
  54  4:25  Nydus Canal  
  54  4:29  Roach, Queen  
  58  4:32  Roach  
  58  4:36  Roach  
  62  4:38  Overlord  
  62  4:45  Roach x2  
  65  4:52  Roach  
  67  4:56  Roach  
  69  5:02  Roach  
  69  5:05  Roach  
  69  5:09  Roach  
  68  5:15  Queen x2  
  68  5:20  Roach  
  75  5:21  Zergling x2  
  71  5:39  Roach x3  
  71  5:40  Roach  
  73  5:43  Roach  
Show
View Real Time Build Order
Export as new Build Order

Classic Protoss 

Build Orders: 1 Gate Expand, Oracle Opening, Phoenix Opening 

Get SALT Encoding   

  12  0:00  Probe  
  13  0:12  Probe  
  14  0:18  Pylon  
  14  0:24  Probe  
  15  0:36  Probe (Chrono Boost)  
  15  0:39  Gateway  
  16  0:46  Probe (Chrono Boost), Assimilator  
  17  0:51  Probe (Chrono Boost)  
  18  1:03  Probe  
  19  1:15  Probe  
  20  1:26  Nexus  
  20  1:27  Probe  
  21  1:37  Cybernetics Core  
  21  1:42  Probe  
  21  1:46  Assimilator  
  22  1:52  Pylon  
  22  1:56  Probe  
  23  2:10  Probe  
  23  2:12  Adept (Chrono Boost)  
  26  2:20  Stargate  
  26  2:22  Probe  
  27  2:25  Warp Gate  
  27  2:31  Adept  
  27  2:35  Probe (Chrono Boost)  
  30  2:38  Probe (Chrono Boost)  
  31  2:46  Probe (Chrono Boost)  
  31  2:47  Probe (Chrono Boost)  
  31  2:51  Probe (Chrono Boost)  
  33  2:52  Probe (Chrono Boost)  
  35  3:01  Oracle (Chrono Boost)  
  35  3:02  Probe  
  35  3:04  Probe  
  40  3:11  Pylon  
  40  3:14  Probe  
  40  3:16  Probe  
  40  3:18  Assimilator x2  
  42  3:26  Probe  
  43  3:28  Probe  
  43  3:31  Phoenix  
  46  3:35  Robotics Facility  
  46  3:38  Probe  
  46  3:40  Probe  
  48  3:48  Gateway  
  48  3:51  Probe  
  48  3:52  Probe  
  48  3:55  Pylon  
  50  4:03  Probe  
  50  4:04  Probe  
  52  4:15  Probe  
  52  4:16  Probe  
  54  4:22  Immortal (Chrono Boost)  
  58  4:26  Gateway x2  
  58  4:29  Shield Battery  
  58  4:30  Shield Battery  
  58  4:32  Sentry  
  58  4:35  Shield Battery  
  58  4:37  Pylon  
  60  4:47  Stalker  
  51  5:00  Stalker  
  42  5:19  Stalker x2  
  42  5:20  Stalker  
  37  5:23  Stalker  
  36  5:36  Stalker  
  36  5:42  Stalker  

Tags
 
Add a new tag
Caveats
  • Supply blocks, unpowered buildings, or Contaminate may cause inaccurate times.
  • Supply counts are checked every 10 seconds.